 Dungeon Crawl Stone Soup version 0.25-a0-200-g5ba96148f3 (webtiles) character file.

Game seed: 16374096945973160439, levelgen mode: deterministic

1411265 trivialoptimal the Cloud Mage (level 25, 133/133 HPs)
             Began as a Spriggan Air Elementalist on Dec 1, 2019.
             Was the Champion of Ashenzari.
             Escaped with the Orb
             ... and 3 runes on Dec 2, 2019!
             The game lasted 04:21:33 (98111 turns).

trivialoptimal the Cloud Mage (SpAE)               Turns: 98111, Time: 04:21:34

Health: 133/133    AC:  6    Str:  4    XL:     25   Next: 84%
Magic:  52/55      EV: 34    Int: 29    God:    Ashenzari [******]
Gold:   2380       SH: 10    Dex: 14    Spells: 5/70 levels left

rFire    + + +     SeeInvis +   R - +9 rapier (speed) (curse)
rCold    + + .     Gourm    .   K - +2 buckler {rF+} (curse)
rNeg     . . .     Faith    .   I - +2 robe {rC+ rF+} (curse)
rPois    .         Spirit   .   (helmet restricted)
rElec    +         Reflect  .   g - +2 cloak "Woadgh" {*Contam +Fly MR+++ MP+9} (curse)
rCorr    .         Harm     .   (gloves unavailable)
MR       +++++     Clarity  +   (boots unavailable)
Stlth    ++........             E - amulet of the acrobat (curse)
HPRegen  0.32/turn              S - ring "Rapsul" {rF++ rC+ MR+ Int-2 SInv} (curse)
MPRegen  0.34/turn              G - +4 ring of intelligence (curse)

@: deflect missiles, very quick
A: very small, unfitting armour, beak, see invisible, clarity, clumsy 2,
deformed body, herbivore, speed 3, low mp 1, screaming 1, electricity
resistance, slow metabolism 2
0: Orb of Zot
}: 3/15 runes: serpentine, barnacled, slimy
a: Curse Item, Scrying, Transfer Knowledge, Renounce Religion, Evoke Flight


You escaped.
You worshipped Ashenzari.
Ashenzari was exalted by your worship.
You were hungry.

You visited 11 branches of the dungeon, and saw 54 of its levels.
You visited 1 bazaar.
You also visited: Ossuary, Ice Cave and Desolation.

You collected 6539 gold pieces.
You spent 4159 gold pieces at shops.

Inventory:

Hand Weapons
 w - a +9 dagger of electrocution
   (You took it off an orc on level 5 of the Dungeon)
 R - a cursed +9 rapier of speed (weapon)
   (You took it off a ragged hierophant in the Desolation of Salt)
Missiles
 D - 6 throwing nets (quivered)
Armour
 g - the cursed +2 cloak "Woadgh" (worn) {*Contam +Fly MR+++ MP+9}
   (You acquired it in a bazaar)

   It affects your resistance to hostile enchantments.
   It affects your magic capacity (+9).
   It lets you fly.
   It causes magical contamination when unequipped.
   It has a curse placed upon it.
 I - a cursed +2 robe of resistance (worn)
   (You took it off a servant of whispers in the Desolation of Salt)
 K - a cursed +2 buckler of fire resistance (worn)
   (You took it off a tengu reaver on level 3 of the Depths)
Magical Staves
 d - an uncursed staff of air
   (You found it on level 4 of the Depths)
Jewellery
 E - a cursed amulet of the acrobat (around neck)
   (You found it in the Desolation of Salt)
 G - a cursed +4 ring of intelligence (right hand)
   (You found it on level 5 of the Pits of Slime)
 S - the cursed ring "Rapsul" (left hand) {rF++ rC+ MR+ Int-2 SInv}
   (You took it off a servant of whispers in the Desolation of Salt)

   [ring of protection from magic]

   It affects your intelligence (-2).
   It greatly protects you from fire.
   It protects you from cold.
   It affects your resistance to hostile enchantments.
   It lets you see invisible.
   It has a curse placed upon it.
 T - a +3 ring of evasion
   (You took it off a deep elf mage on level 3 of the Elven Halls)
Wands
 a - a wand of disintegration (21)
   (You found it on level 6 of the Dungeon)
 y - a wand of clouds (5)
   (You found it on level 4 of the Vaults)
 z - a wand of iceblast (32)
   (You found it on level 6 of the Dungeon)
 B - a wand of acid (16)
   (You found it on level 7 of the Dungeon)
 F - a wand of digging (12)
   (You found it on level 2 of the Shoals)
 W - a wand of paralysis (16)
   (You found it on level 13 of the Dungeon)
Scrolls
 e - 4 scrolls of fear
 j - 4 scrolls of immolation
 o - 8 scrolls of remove curse
 q - 8 scrolls of magic mapping
 r - a scroll of fog
 u - 5 scrolls of amnesia
 v - 6 scrolls of blinking
 x - 23 scrolls of teleportation
 H - 16 scrolls of identify
 N - 6 scrolls of enchant armour
 V - 7 scrolls of vulnerability
 Y - 2 scrolls of summoning
Potions
 b - 5 potions of magic
 h - 17 potions of might
 i - 7 potions of haste
 k - 13 potions of curing
 l - 7 potions of agility
 m - 5 potions of cancellation
 n - 5 potions of mutation
 p - 12 potions of lignification
 s - 6 potions of brilliance
 t - 2 potions of ambrosia
 A - 3 potions of flight
 C - 6 potions of heal wounds
 M - a potion of invisibility
 Z - 3 potions of resistance
Miscellaneous
 f - 3 sacks of spiders
 Q - 2 phantom mirrors
 U - a lamp of fire
   (You found it on level 12 of the Dungeon)
Comestibles
 c - 43 rations


   Skills:
 + Level 14.1 Fighting
 - Level 9.7(14.0) Short Blades
 - Level 19.7(22.0) Dodging
 - Level 5.1(8.1) Stealth
 - Level 4.6(7.5) Shields
 - Level 23.2 Spellcasting
 + Level 14.5(18.5) Conjurations
 - Level 4.0(8.2) Charms
 - Level 2.8(6.6) Necromancy
 - Level 10.0(14.3) Transmutations
 - Level 4.0(8.2) Ice Magic
 - Level 23.9(27) Air Magic
 - Level 10.0(14.3) Earth Magic
 - Level 7.0(11.5) Evocations


You had 5 spell levels left.
You knew the following spells:

 Your Spells              Type           Power        Failure   Level  Hunger
a - Shock                 Conj/Air       ####         0%          1    None
b - Statue Form           Tmut/Erth      #######..    1%          6    None
c - Airstrike             Air            ########..   0%          4    None
d - Summon Lightning Spi  Summ/Air       #######.     1%          4    None
e - Orb of Destruction    Conj           #######...   1%          7    ##.....
f - Animate Dead          Necr           N/A          1%          4    None
g - Deflect Missiles      Chrm/Air       #######...   1%          6    None
h - Freezing Cloud        Conj/Ice/Air   #######...   1%          6    None
i - Irradiate             Conj/Tmut      #######...   1%          5    None
j - Conjure Ball Lightni  Conj/Air       ########..   0%          6    None
k - Iron Shot             Conj/Erth      #######...   1%          6    None
l - Tornado               Air            ########..   1%          9    ######.
q - Apportation           Tloc           #####.       1%          1    None

Your spell library contained the following spells:

 Spells                   Type           Power        Failure   Level  Hunger
 Beastly Appendage        Tmut           ######       0%          1    None
 Magic Dart               Conj           ####         0%          1    None
 Sandblast                Erth           ######       0%          1    None
 Passwall                 Tmut/Erth      #######.     0%          2    None
 Poisonous Vapours        Pois/Air       ######       0%          2    None
 Searing Ray              Conj           ######       0%          2    None
 Sticks to Snakes         Tmut           #######.     0%          2    None
 Swiftness                Chrm/Air       #######.     0%          2    None
 Throw Frost              Conj/Ice       ######       0%          2    None
 Mephitic Cloud           Conj/Pois/Air  #######.     0%          3    None
 Static Discharge         Conj/Air       ########     0%          3    None
 Stone Arrow              Conj/Erth      ######       0%          3    None
 Iskenderun's Mystic Bla  Conj           #######.     0%          4    None
 Lightning Bolt           Conj/Air       ########..   0%          5    None
 Animate Skeleton         Necr           N/A          1%          1    None
 Confusing Touch          Hex            #####.       1%          1    None
 Corona                   Hex            #####..      1%          1    None
 Flame Tongue             Conj/Fire      #####        1%          1    None
 Freeze                   Ice            ####         1%          1    None
 Infusion                 Chrm           ####         1%          1    None
 Pain                     Necr           ####         1%          1    None
 Sting                    Conj/Pois      ####         1%          1    None
 Summon Butterflies       Summ           #####...     1%          1    None
 Summon Small Mammal      Summ           ####         1%          1    None
 Blink                    Tloc           N/A          1%          2    None
 Call Imp                 Summ           #####...     1%          2    None
 Corpse Rot               Necr           N/A          1%          2    None
 Ensorcelled Hibernation  Hex/Ice        ######       1%          2    None
 Shroud of Golubria       Chrm/Tloc      ######       1%          2    None
 Song of Slaying          Chrm           ######..     1%          2    None
 Sublimation of Blood     Necr           ######....   1%          2    None
 Throw Flame              Conj/Fire      ######       1%          2    None
 Conjure Flame            Conj/Fire      ######..     1%          3    None
 Dazzling Spray           Conj/Hex       ######       1%          3    None
 Ignite Poison            Fire/Tmut/Pois ######..     1%          3    None
 Ozocubu's Armour         Chrm/Ice       ######..     1%          3    None
 Regeneration             Chrm/Necr      ######....   1%          3    None
 Spectral Weapon          Hex/Chrm       ######..     1%          3    None
 Spider Form              Tmut/Pois      ######....   1%          3    None
 Vampiric Draining        Necr           ######....   1%          3    None
 Force Lance              Conj/Tloc      ######..     1%          4    None
 Fulminant Prism          Conj/Hex       ######....   1%          4    None
 Ice Form                 Ice/Tmut       #######.     1%          4    None
 Leda's Liquefaction      Hex/Erth       ######....   1%          4    None
 Petrify                  Tmut/Erth      #######.     1%          4    None
 Summon Ice Beast         Ice/Summ       ######..     1%          4    None
 Throw Icicle             Conj/Ice       #######.     1%          4    None
 Alistair's Intoxication  Tmut/Pois      ######..     1%          5    None
 Blade Hands              Tmut           #######...   1%          5    None
 Bolt of Magma            Conj/Fire/Erth #######...   1%          5    None
 Borgnjor's Vile Clutch   Necr/Erth      #######...   1%          5    None
 Excruciating Wounds      Chrm/Necr      ######....   1%          5    None
 Fireball                 Conj/Fire      ######....   1%          5    None
 Iskenderun's Battlesphe  Conj/Chrm      #######.     1%          5    None
 Lee's Rapid Deconstruct  Erth           #######...   1%          5    None
 Silence                  Hex/Air        #######...   1%          5    None
 Venom Bolt               Conj/Pois      ######....   1%          5    None
 Yara's Violent Unravell  Hex/Tmut       ######....   1%          5    None
 Call Canine Familiar     Summ           #####...     2%          3    None
 Confuse                  Hex            #####...     2%          3    None
 Gell's Gravitas          Tloc           #####.....   2%          3    None
 Inner Flame              Hex/Fire       #####...     2%          3    None
 Lesser Beckoning         Tloc           #####.....   2%          3    None
 Recall                   Summ/Tloc      N/A          2%          3    None
 Summon Guardian Golem    Hex/Summ       #####...     2%          3    None
 Teleport Other           Tloc           #####...     2%          3    None
 Tukima's Dance           Hex            #####...     2%          3    None
 Metabolic Englaciation   Hex/Ice        ######....   4%          5    None
 Cause Fear               Hex            #####.....   7%          4    None
 Olgreb's Toxic Radiance  Pois           #####...     7%          4    None
 Summon Forest            Summ/Tloc      #####.....   21%         5    None
 Summon Mana Viper        Hex/Summ       #####...     21%         5    None
 Bolt of Cold             Conj/Ice       #######...   1%          6    None
 Hydra Form               Tmut           #######...   1%          6    None
 Bolt of Fire             Conj/Fire      ######....   2%          6    None
 Dragon Form              Tmut           #######...   2%          7    ##.....
 Ozocubu's Refrigeration  Ice            ######....   4%          6    None
 Simulacrum               Ice/Necr       ######....   7%          6    None
 Death Channel            Necr           ######....   10%         6    None
 Spellforged Servitor     Conj/Summ      ######....   16%         7    ##.....
 Ring of Flames           Chrm/Fire      ######....   78%         7    ##.....
 Shatter                  Erth           #######...   95%         9    ######.
 Summon Hydra             Summ           #####.....   99%         7    ##.....
 Discord                  Hex            #####.....   100%        8    ####...
 Dragon's Call            Summ           #####.....   100%        9    ######.
 Passage of Golubria      Tloc           Unusable     N/A         4    N/A

Dungeon Overview and Level Annotations

Branches:
Dungeon (15/15)            Temple (1/1) D:4            Lair (6/6) D:9
 Shoals (4/4) Lair:2        Snake (4/4) Lair:2        Slime (5/5) Lair:5
    Orc (2/2) D:9             Elf (3/3) Orc:2        Vaults (4/5) D:14
  Crypt (0/3) Vaults:3     Depths (5/5) D:15            Zot (5/5) Depths:5
Ossuary (visited)           IceCv (visited)         Desolation (visited)

Altars:
Ashenzari
Cheibriados
Dithmenos
Elyvilon
Fedhas
Gozag
Hepliaklqana
Kikubaaqudgha
Makhleb
Nemelex Xobeh
Okawaru
Qazlal
Ru
Sif Muna
Trog
Uskayaw
Vehumet
Wu Jian
Xom
Yredelemnul
Zin
The Shining One
Beogh
Jiyva

Shops:
D:6 :   D:8 :   Orc:1 %   Orc:2 ([!(*(   Elf:2 ?   Elf:3 [   Shoals:1 (
Vaults:3 }   Vaults:4 ?**%

Portals:
Hell: Depths:1 Depths:3 Depths:4 Depths:5
Abyss: Depths:4
Pandemonium: Depths:3 Depths:5
Ziggurat: Depths:5

Annotations:
D:2 exclusion: centaur
D:5 1 runed translucent door, confidenceinterval's ghost, amateur HOFi
D:13 3 runed translucent doors, exclusion: 3 doors, Mirut's ghost, journeyman HOBe
Lair:3 exclusion: hydra
Lair:4 3 runed translucent doors, Bemoimo's ghost, journeyman DDEE
Lair:6 1 runed translucent door
Shoals:2 exclusion: door
Elf:2 4 runed translucent doors, Roxanne
Zot:5 3 runed translucent doors, EnegeticOcto's ghost, veteran DDFi; Lanoc's ghost, legendary NaBe; SockSock's ghost, legendary VSBe; Stiffzip's ghost, legendary DDBe; Yolobob's ghost, legendary TrCK


Innate Abilities, Weirdness & Mutations

You are very small and have problems with some larger weapons.
You are too small for most types of armour.
You have supernaturally acute eyesight. (SInv)
You are a herbivore.
You cover ground extremely quickly.
You need to consume almost no food.
You have a beak for a mouth.
You possess an exceptional clarity of mind.
You are very clumsy. (Dex -4)
Armour fits poorly on your strangely shaped body.
Your magical capacity is low. (-10% MP)
You occasionally shout uncontrollably at your foes.
You are resistant to electric shocks. (rElec)


Message History

The orb of destruction hits the Orb Guardian!!!
The Orb Guardian is heavily wounded.
Casting: Orb of Destruction (safe; 1% risk of failure)
Confirm with . or Enter, or press ? or * to list all spells.
Aiming: Orb of Destruction (safe; 1% risk of failure)
Press: ? - help, Shift-Dir - straight line, f/p - Orb Guardian
Aim: an Orb Guardian (heavily wounded)
The orb of destruction hits the Orb Guardian!!!!
You blow up the Orb Guardian!
Your Fighting skill increases to level 14!
You start resting.
Magic restored.
An Orb Guardian comes into view.
Found a chunk of flesh.
An Orb Guardian comes into view.
Casting: Orb of Destruction (safe; 1% risk of failure)
Confirm with . or Enter, or press ? or * to list all spells.
Aiming: Iron Shot (safe; 1% risk of failure)
Press: ? - help, Shift-Dir - straight line, f - Orb Guardian
Aim: an Orb Guardian The iron shot misses the Orb Guardian.
Casting: Iron Shot (safe; 1% risk of failure)
Confirm with . or Enter, or press ? or * to list all spells.
Aiming: Iron Shot (safe; 1% risk of failure)
Press: ? - help, Shift-Dir - straight line, f/p - Orb Guardian
Aim: an Orb Guardian The iron shot misses the Orb Guardian.
Casting: Iron Shot (safe; 1% risk of failure)
Confirm with . or Enter, or press ? or * to list all spells.
Aiming: Iron Shot (safe; 1% risk of failure)
Press: ? - help, Shift-Dir - straight line, f/p - Orb Guardian
Aim: an Orb Guardian The iron shot hits the Orb Guardian!!
The Orb Guardian is heavily wounded.
The Orb Guardian closely misses you. The Orb Guardian hits you!!
Casting: Iron Shot (safe; 1% risk of failure)
Confirm with . or Enter, or press ? or * to list all spells.
You turn into a living statue of rough stone.
Your cursed +2 robe of resistance melds into your body.
You feel hot and cold all over. The Orb Guardian completely misses you.
Casting: Statue Form (safe; 1% risk of failure)
Confirm with . or Enter, or press ? or * to list all spells.
A great vortex of raging winds appears and lifts you up.
You block the Orb Guardian's attack. The Orb Guardian completely misses you.
Unknown command.
You kill the Orb Guardian!
You feel a bit more experienced.
The winds around you start to calm down.
You float gracefully downwards.
You are engulfed in raging winds.
Unknown command.
The winds around you calm down.
You start resting.
Your transformation is almost over.
You revert to your normal fleshy form.
Your cursed +2 robe of resistance unmelds from your body.
You feel resistant to extremes of temperature.
Unknown command.
HP restored.
You see here a chunk of flesh.
You see here 17 stones.
You see here the Orb of Zot.
Key pressed, stopping explore.
There is an open door here.
There is an open door here.
You open the door. You open the door.
There is an open door here.
You see here 18 arrows.
You see here 16 arrows.
You see here an uncursed amulet of harm.
There is an open door here.
There is an open door here.
There is an open door here.
There is an open door here.
You see here an uncursed amulet of harm.
There is an open door here.
Key pressed, stopping explore.
There is an open door here.
You open the door.
There is an open door here.
You open the door.
Partly explored, can't reach some items and places.
Partly explored, can't reach some items and places.
There is an open door here.
There is an open door here.
There is an open door here.
You see here the Orb of Zot.
You feel yourself speed up.
You pick up the Orb of Zot!
The Orb lets out a hideous shriek!
The lords of Pandemonium are not amused.
Beware!
Now all you have to do is get back out of the dungeon!
Really walk into that permanent teleport trap?
You enter a permanent teleport trap!
Your surroundings suddenly seem different.
(D) Dungeon (T) Temple (L) Lair (A) Shoals (P) Snake Pit (M) Slime Pits (O) Orcish Mines (E) Elven Halls (V) Vaults (C) Crypt (U) Depths (H) Hell (Z) Zot
Where to? (Enter - Zot:5 @ (x,y), ? - help)
What level of the Dungeon? (default 15, ? - help)
There is an open door here.
There is a stone staircase leading up here.
You climb upwards.
There is a stone staircase leading down here.
There is a stone staircase leading up here.
You climb upwards.
There is a stone staircase leading down here.
Your extra speed is starting to run out.
There is a stone staircase leading up here.
You climb upwards.
You sense a monster nearby.
There is a stone staircase leading down here.
You feel yourself slow down.
You see here 26 stones.
You see here a +0 club.
There is a stone staircase leading up here.
You climb upwards.
There is a stone staircase leading down here.
There is a gate leading back out of this place here.
You go up through the gate.
Welcome back to the Depths!
There is a gate to the Realm of Zot here.
(D) Dungeon (T) Temple (L) Lair (A) Shoals (P) Snake Pit (M) Slime Pits (O) Orcish Mines (E) Elven Halls (V) Vaults (C) Crypt (U) Depths (H) Hell (Z) Zot
Where to? (Enter - D:1 @ (x,y), ? - help)
What level of the Dungeon? (default 15, ? - help)
You sense a monster nearby.
There is an open door here.
Unknown command.
An Orb Guardian comes into view.
Things that are here:
a +0 short sword; 22 bolts; a +0 arbalest
Casting: Tornado (safe; 1% risk of failure)
Confirm with . or Enter, or press ? or * to list all spells.
Aiming: Iron Shot (safe; 1% risk of failure)
Press: ? - help, Shift-Dir - straight line, f - Orb Guardian
Aim: an Orb Guardian The iron shot hits the Orb Guardian!!
The Orb Guardian is moderately wounded.
Casting: Iron Shot (safe; 1% risk of failure)
Confirm with . or Enter, or press ? or * to list all spells.
Aiming: Iron Shot (safe; 1% risk of failure)
Press: ? - help, Shift-Dir - straight line, f/p - Orb Guardian
Aim: an Orb Guardian (moderately wounded)
The iron shot misses the Orb Guardian.
Casting: Iron Shot (safe; 1% risk of failure)
Confirm with . or Enter, or press ? or * to list all spells.
Aiming: Iron Shot (safe; 1% risk of failure)
Press: ? - help, Shift-Dir - straight line, f/p - Orb Guardian
Aim: an Orb Guardian (moderately wounded)
The iron shot hits the Orb Guardian!!!
The Orb Guardian is almost dead.
The Orb Guardian hits you but does no damage.
You puncture the Orb Guardian!
You kill the Orb Guardian!
No target in view!
(D) Dungeon (T) Temple (L) Lair (A) Shoals (P) Snake Pit (M) Slime Pits (O) Orcish Mines (E) Elven Halls (V) Vaults (C) Crypt (U) Depths (H) Hell (Z) Zot
Where to? (Enter - D:1 @ (x,y), ? - help)
Things that are here:
a bolt; a +0 battleaxe You see here 2 bolts.
A chaos spawn comes into view.
Items here: (( ) [ a large rock; 6 bolts; a +0 animal skin; a +0 quarterstaff
There is a stone staircase leading up here.
You see here 11 bolts.
You climb upwards.
There is a stone staircase leading down here.
(D) Dungeon (T) Temple (L) Lair (A) Shoals (P) Snake Pit (M) Slime Pits (O) Orcish Mines (E) Elven Halls (V) Vaults (C) Crypt (U) Depths (H) Hell (Z) Zot
Where to? (Enter - D:1 @ (x,y), ? - help)
There is a large open door here.
There is a large open door here.
There is a fountain of sparkling water here.
There is a large open door here.
There is a large open door here.
There is a stone staircase leading up here.
You climb upwards.
There is a stone staircase leading down here.
Things that are here:
a +2 ring mail of poison resistance; a +2 great sword of electrocution You see here 31 stones.
You see here a +0 buckler.
There is a stone staircase leading up here.
You climb upwards.
There is a stone staircase leading down here.
There is a stone staircase leading up here.
You climb upwards.
There is a stone staircase leading down here.
There is a staircase back to the Dungeon here.
You climb upwards.
Welcome back to the Dungeon!
There is a staircase to the Depths here.
Magic restored.
Things that are here:
a +0 glaive; a +0 flail
Things that are here:
20 arrows; a +0 longbow You see here an arrow.
There is a stone staircase leading up here.
You climb upwards.
There is a stone staircase leading down here.
There is a stone staircase leading up here.
You climb upwards.
Level annotation: 3 runed translucent doors, exclusion: 3 doors, Mirut's ghost, journeyman HOBe
There is a stone staircase leading down here.
Things that are here:
a +0 giant spiked club; a +0 giant club
There is a stone staircase leading up here.
You climb upwards.
There is a stone staircase leading down here.
You see here a +0 trident.
There is a stone staircase leading up here.
You climb upwards.
There is a stone staircase leading down here.
There is an open door here.
There is a stone staircase leading up here.
You climb upwards.
There is a stone staircase leading down here.
There is a stone staircase leading up here.
You climb upwards.
There is a stone staircase leading down here.
You sense a monster nearby.
(D) Dungeon (T) Temple (L) Lair (A) Shoals (P) Snake Pit (M) Slime Pits (O) Orcish Mines (E) Elven Halls (V) Vaults (C) Crypt (U) Depths (H) Hell (Z) Zot
Where to? (Enter - D:1 @ (x,y), ? - help)
Okay, then.
An Orb Guardian comes into view.
There is a stone staircase leading up here.
You climb upwards.
There is a stone staircase leading down here.
(D) Dungeon (T) Temple (L) Lair (A) Shoals (P) Snake Pit (M) Slime Pits (O) Orcish Mines (E) Elven Halls (V) Vaults (C) Crypt (U) Depths (H) Hell (Z) Zot
Where to? (Enter - D:1 @ (x,y), ? - help)
Things that are here:
a +0 giant club x2
There is a stone staircase leading up here.
You climb upwards.
There is a stone staircase leading down here.
There is a stone staircase leading up here.
You climb upwards.
There is a stone staircase leading down here.
Things that are here:
a +0 robe; a +0 dagger
Things that are here:
a +0 robe; a +0 dagger
Things that are here:
a +0 chain mail; a +1 battleaxe of chopping
There is a stone staircase leading up here.
You climb upwards.
Level annotation: 1 runed translucent door, confidenceinterval's ghost, amateur HOFi
There is a stone staircase leading down here.
There is a stone staircase leading up here.
You climb upwards.
There is a stone staircase leading down, spattered with blood here.
There is a stone staircase leading up here.
You climb upwards.
There is a stone staircase leading down here.
You see here a +0 club.
There is a stone staircase leading up here.
You climb upwards.
Level annotation: exclusion: centaur
There is a stone staircase leading down here.
There is a stone staircase leading up here.
You climb upwards.
There is a stone staircase leading down here.
A red devil comes into view. It is wielding a +0 trident.
Casting: Iron Shot (safe; 1% risk of failure)
Confirm with . or Enter, or press ? or * to list all spells.
You can't see any susceptible monsters within range! (Use Z to cast anyway.)
Casting: Iron Shot (safe; 1% risk of failure)
Confirm with . or Enter, or press ? or * to list all spells.
A great vortex of raging winds appears and lifts you up.
You are feeling hungry.
Unknown command.
The red devil misses you.
You kill the red devil!
A hobgoblin and a rakshasa come into view.
You kill the hobgoblin!
The rakshasa moves out of view.
The injured rakshasa weaves a defensive illusion!
The winds around you start to calm down.
You float gracefully downwards.
You see here a +0 club.
You are engulfed in raging winds.
You are engulfed in raging winds.
The winds around you calm down.
There is a staircase leading out of the dungeon here.
Enter note: gg You have escaped!

.....##.............#......#
.....#...###...###.........#
.........#>......#.........#
.........#.......#....######
.....##.............#.#
......#......#......#.#
#####.#.............#.#
#....#.......#....#
#....#......@#....#
##...###...###....# #
##.............#.# #
##.............#.# #
####...###...###.# #
###########......# #
######## # # #


There were no monsters in sight!

Vanquished Creatures
  the Royal Jelly (Slime:5)
  4 ancient liches (Zot:5)
  6 orbs of fire (Zot:5)
  Sojobo (Depths:3)
  2 Killer Klowns (Zot:5)
  A caustic shrike (Depths:4)
  A bone dragon (Depths:4)
  4 golden dragons
  Nikola (Elf:3)
  6 tentacled monstrosities
  4 liches
  Rupert (D:14)
  3 electric golems
  2 Ice Fiends (IceCv)
  4 quicksilver dragons
  Asterion (Elf:3)
  26 Orb Guardians
  A deep elf blademaster (Elf:3)
  A kraken (Shoals:4)
  3 titans (Depths:4)
  2 deep elf master archers (Elf:3)
  23 acid blobs
  Agnes (Elf:1)
  5 death cobs
  Kirke (D:13)
  5 tengu reavers
  3 shadow dragons
  7 storm dragons
  A draconian monk (Depths:5)
  12 nagarajas
  5 sphinxes
  Ilsuiw (Shoals:3)
  Donald (Vaults:3)
  A large abomination (Vaults:3)
  11 azure jellies
  4 frost giants
  8 fire giants
  3 imperial myrmidons (Desolation)
  An orc warlord (Vaults:2)
  5 deep elf sorcerers
  3 ghost moths
  11 vault wardens
  A spriggan defender (Depths:4)
  2 deep elf elementalists
  12 ironheart preservers
  A reaper (Depths:3)
  18 stone giants
  3 vampire knights
  3 very ugly things (Depths:4)
  2 entropy weavers
  11 deep elf demonologists
  A green draconian (Depths:5)
  7 deep elf annihilators
  A yellow draconian (Depths:5)
  Azrael (D:13)
  A halazid warlock (Desolation)
  4 red draconians
  8 spark wasps
  7 ettins
  An eidolon (Vaults:3)
  A jiangshi (Vaults:3)
  11 deep elf death magi
  Josephine (Lair:4)
  9 merfolk impalers
  6 merfolk javelineers
  5 death oozes (Slime:5)
  6 ragged hierophants (Desolation)
  12 yaktaur captains
  12 fire dragons
  4 deep elf high priests
  12 great orbs of eyes
  7 naga warriors
  4 ice dragons
  A servant of whispers (Desolation)
  2 vault guards
  4 hydras
  8 peacekeepers
  3 rakshasas
  An alligator snapping turtle (shapeshifter) (Vaults:3)
  9 centaur warriors
  A merfolk avatar (Shoals:2)
  3 spriggan air magi
  5 satyrs (Shoals:4)
  5 deep troll shamans
  10 ogre magi
  26 dancing weapons
  3 alligator snapping turtles
  4 anacondas
  2 merfolk aquamancers
  2 death knights
  2 death yaks (Lair:5)
  18 two-headed ogres
  An orc high priest (Elf:3)
  6 tengu warriors
  4 deep troll earth magi
  4 vampire magi
  5 hell knights (Depths:3)
  4 naga sharpshooters (Snake:4)
  4 spriggan berserkers
  26 deep elf knights
  Urug (D:14)
  3 shock serpents
  A shadow wraith (Vaults:2)
  A fire crab (shapeshifter) (Depths:1)
  2 salamander mystics
  2 spriggans (Depths:5)
  28 deep trolls
  7 unseen horrors
  A death drake (shapeshifter) (Vaults:3)
  7 sea snakes
  6 skeletal warriors
  4 glowing orange brains
  A gelid demonspawn (Depths:3)
  2 naga ritualists
  A swamp dragon (shapeshifter) (Vaults:4)
  A flayed ghost (Vaults:3)
  20 deep elf archers
  15 orc knights
  A lindwurm (Lair:6)
  29 harpies
  8 wizards
  A mana viper (shapeshifter) (Depths:4)
  A harpy (shapeshifter) (Vaults:2)
  7 wolf spiders
  15 ironbrand convokers
  5 necromancers
  3 shining eyes
  2 phantasmal warriors (Depths:3)
  30 ugly things
  A sphinx zombie (Depths:1)
  A shadow dragon skeleton (Depths:1)
  4 mana vipers
  5 orc sorcerers
  27 fauns
  12 salamanders
  10 cyclopes
  78 deep elf magi
  11 manticores
  3 merfolk sirens
  8 moths of wrath
  6 water nymphs
  4 eyes of devastation
  Maurice (D:9)
  15 guardian serpents
  2 black mambas (shapeshifter)
  A guardian serpent (shapeshifter) (D:15)
  4 centaur skeletons
  2 elephants (Lair:6)
  2 ice statues (IceCv)
  3 gargoyles
  5 naga magi
  7 torpor snails
  15 black mambas
  An elephant (shapeshifter) (Vaults:2)
  8 vault sentinels
  A smoke demon (Depths:1)
  A yaktaur zombie (Vaults:1)
  4 spiny frogs
  A rime drake (Lair:6)
  4 spectral swamp worms (Depths:5)
  2 komodo dragons (Lair:6)
  61 yaktaurs
  10 freezing wraiths
  2 hellwings (Depths:1)
  15 ice devils
  4 efreet
  26 merfolk
  2 tengu conjurers
  2 polar bears (Lair:6)
  11 trolls
  2 wind drakes (shapeshifter)
  3 meliai (Lair:4)
  3 wind drakes
  A red devil (D:1)
  A queen bee (shapeshifter) (Depths:4)
  2 queen bees
  45 saltlings
  9 hornets
  13 blink frogs
  A hippogriff (shapeshifter) (Vaults:2)
  2 human simulacra (Vaults:2)
  An ettin zombie (Vaults:1)
  A frost giant simulacrum (Depths:1)
  11 dream sheep
  2 tyrant leeches (Lair:6)
  Grinder (D:5)
  A dream sheep (shapeshifter) (Depths:5)
  7 snapping turtles
  88 slime creatures
  7 hippogriffs
  A tarantella (shapeshifter) (Depths:4)
  15 water elementals
  2 air elementals
  A redback (Vaults:3)
  6 wraiths
  A wyvern (Lair:3)
  5 fire elementals
  22 yaks
  A yak (shapeshifter) (Vaults:3)
  2 hogs (D:13)
  Grum (D:8)
  2 golden eyes (Slime:5)
  A golden eye (shapeshifter) (D:15)
  2 hungry ghosts
  10 humans (D:14)
  A vampire mosquito (D:14)
  5 basilisks
  A chaos spawn (Depths:3)
  14 nagas
  10 wargs
  12 acid dragons
  A floating eye (shapeshifter) (D:15)
  A floating eye (Depths:3)
  2 hell hounds (D:13)
  9 water moccasins
  33 orc warriors
  8 porcupines
  3 ice beasts
  4 eyes of draining
  A black bear (Lair:2)
  4 phantoms
  A necrophage (D:10)
  3 sky beasts
  A fire dragon simulacrum (Depths:1)
  28 boggarts
  3 ettin simulacra (Depths:3)
  28 ogres
  11 wolves
  22 centaurs
  2 human skeletons (Vaults:1)
  7 crocodiles
  17 bullfrogs
  4 big kobolds
  A yaktaur skeleton (Depths:1)
  A wyvern zombie (D:13)
  An earth elemental (Elf:3)
  A gnoll sergeant (D:10)
  5 scorpions
  39 killer bees
  5 wights (D:3)
  5 howler monkeys
  5 electric eels
  8 crimson imps
  5 centaur zombies
  2 quasits
  6 jellies
  2 bullfrog skeletons
  6 hounds
  20 orc priests
  24 orc wizards
  5 iguanas
  10 worker ants
  A killer bee zombie (D:8)
  A hound skeleton (D:4)
  8 mummies (Ossuary)
  A worker ant zombie (D:10)
  9 gnolls
  9 adders
  A howler monkey skeleton (D:6)
  2 shadow imps
  5 white imps (IceCv)
  8 ufetubi (IceCv)
  An ooze (D:4)
  3 adder zombies
  An adder skeleton (D:8)
  3 worms
  8 leopard geckos
  87 orcs
  6 bats
  2 giant cockroaches
  6 goblins
  7 hobgoblins
  10 jackals
  20 kobolds
  10 quokkas
  A ball python (D:2)
  7 frilled lizards
  4 hobgoblin zombies (Ossuary)
  A kobold zombie (Ossuary)
  A leopard gecko skeleton (D:2)
  3 orc zombies (Ossuary)
  9 rats
  A butterfly (Lair:3)
  8 plants
  5 tentacles (Shoals:4)
2020 creatures vanquished.

Vanquished Creatures (collateral kills)
  A deep elf blademaster (Elf:3)
  9 nagarajas
  A deep elf sorcerer (Elf:3)
  2 imperial myrmidons (Desolation)
  Aizul (Snake:2)
  A deep elf demonologist (Elf:3)
  A deep elf annihilator (Elf:3)
  Snorg (Orc:1)
  2 deep elf death magi (Elf:3)
  A fire dragon (D:15)
  An ogre mage (Orc:2)
  5 ragged hierophants (Desolation)
  A deep elf high priest (Elf:3)
  4 naga warriors
  An ice dragon (D:15)
  3 hydras
  5 servants of whispers (Desolation)
  A two-headed ogre (D:14)
  A shock serpent (Snake:4)
  4 death yaks (Lair:5)
  2 naga sharpshooters (Snake:4)
  2 salamander mystics
  A skeletal warrior (D:15)
  2 sea snakes
  A wizard (D:14)
  A swamp dragon (Lair:6)
  A necromancer (Depths:3)
  2 naga ritualists
  A ball lightning (Elf:3)
  3 harpies
  4 mana vipers
  4 deep elf magi
  4 ugly things (D:14)
  A manticore (Shoals:4)
  3 fauns
  7 salamanders
  3 cyclopes
  4 naga magi
  3 merfolk sirens (Shoals:1)
  5 guardian serpents
  An elephant (Lair:6)
  11 black mambas
  A molten gargoyle (Desolation)
  Psyche (D:12)
  2 komodo dragons (Lair:6)
  3 trolls
  7 merfolk
  2 tyrant leeches (Lair:6)
  2 hornets (Lair:6)
  3 dream sheep
  13 saltlings (Desolation)
  A blink frog (Lair:6)
  A slime creature (D:14)
  3 snapping turtles
  2 hippogriffs
  4 yaks (Lair:3)
  6 humans (D:14)
  A warg (Orc:1)
  24 nagas
  4 water moccasins (Lair:6)
  3 orc warriors
  4 ogres
  4 wolves (Lair:4)
  2 crocodiles (Lair:6)
  A howler monkey (D:14)
  An orc priest (Orc:1)
  3 gnolls (Orc:2)
  7 orcs
  A fungus (Lair:6)
  3 plants
221 creatures vanquished.

Vanquished Creatures (others)
  2 deep elf sorcerers
  A stone giant (Depths:5)
  An ice dragon (Depths:5)
  A tengu warrior (Depths:3)
  An ironbrand convoker (Vaults:4)
  151 ball lightnings
  A deep elf mage (Vaults:4)
  A faun (Shoals:4)
  A spectral swamp worm (Depths:5)
  3 yaktaurs
  A merfolk (Shoals:4)
  A hornet (Vaults:3)
  A fire elemental (D:13)
  A hog (D:13)
  2 humans (D:13)
  A jelly (D:13)
  An orc wizard (Elf:3)
  2 white imps (IceCv)
  3 ufetubi (IceCv)
  5 fungi
  52 plants
  11 tentacles (Shoals:4)
244 creatures vanquished.

Grand Total: 2485 creatures vanquished

Notes
Turn   | Place    | Note
-------+----------+-------------------------------------------
     0 | D:1      | trivialoptimal the Spriggan Air Elementalist began the
                  | quest for the Orb.
     0 | D:1      | Reached XP level 1. HP: 9/9 MP: 5/5
   337 | D:1      | Reached XP level 2. HP: 13/13 MP: 4/7
   591 | D:1      | ncie
   591 | D:1      | nice*
   654 | D:1      | You fall into a shaft and drop 1 floor!
   655 | D:2      | oh shit
   706 | D:2      | Learned a level 2 spell: Swiftness
  1066 | D:2      | Reached XP level 3. HP: 16/16 MP: 2/8
  1429 | D:2      | Noticed a centaur
  1431 | D:2      | the infamous d:2 centaur!
  1431 | D:2      | good thing it didn't notice me
  2116 | D:3      | ah I messed up
  2143 | D:3      | Reached skill level 1 in Fighting
  2143 | D:3      | Reached XP level 4. HP: 22/22 MP: 1/9
  2603 | D:3      | Reached skill level 5 in Air Magic
  2603 | D:3      | Reached XP level 5. HP: 25/25 MP: 4/10
  2618 | D:3      | Learned a level 4 spell: Airstrike
  2844 | D:3      | Reached XP level 6. HP: 30/30 MP: 2/11
  3458 | D:4      | Found a staircase to the Ecumenical Temple.
  3469 | Temple   | Entered the Ecumenical Temple
  3470 | Temple   | fuck
  3658 | Temple   | no gozag :/
  3658 | Temple   | well, I should try to have some god variety anyway
  3712 | Temple   | Became a worshipper of Ashenzari the Shackled
  4401 | D:4      | Reached XP level 7. HP: 18/33 MP: 4/14
  4647 | D:4      | Reached skill level 5 in Stealth
  4781 | D:4      | Found a shimmering blue altar of Sif Muna.
  4795 | D:4      | Reached skill level 5 in Dodging
  4915 | D:5      | Entered Level 5 of the Dungeon
  5219 | D:5      | Reached skill level 5 in Spellcasting
  5284 | D:5      | Noticed Grinder
  5285 | D:5      | woah that dagger
  5618 | D:5      | Found a sand-covered staircase.
  5627 | Ossuary  | Entered an ossuary
  6198 | D:5      | Reached XP level 8. HP: 37/37 MP: 11/17
  6810 | D:5      | Killed Grinder
  6968 | D:5      | Found a runed translucent door.
  6971 | D:5      | Noticed confidenceinterval's ghost (amateur HOFi)
  7284 | D:6      | Learned a level 5 spell: Lightning Bolt
  7507 | D:6      | Found Ejopist's Book Shoppe.
  8100 | D:6      | Reached XP level 9. HP: 32/41 MP: 17/22
  9598 | D:7      | Reached skill level 10 in Spellcasting
 10208 | D:8      | Reached skill level 10 in Air Magic
 10357 | D:8      | Found an ancient bone altar of Kikubaaqudgha.
 10380 | D:8      | Noticed Grum
 10442 | D:8      | Killed Grum
 10652 | D:8      | Reached XP level 10. HP: 24/47 MP: 13/25
 11079 | D:8      | Reached skill level 1 in Conjurations
 11079 | D:8      | Reached skill level 1 in Evocations
 11102 | D:8      | Reached * piety under Ashenzari
 11220 | D:8      | Noticed a two-headed ogre
 11244 | D:8      | Killed a two-headed ogre
 11449 | D:8      | Found Huodyap's Book Boutique.
 11518 | D:8      | Found an opulent altar of Gozag.
 12113 | D:9      | Identified the +0 leather armour of Hospitality {SInv}
 12556 | D:9      | Found a staircase to the Orcish Mines.
 12794 | D:9      | Noticed Maurice
 12800 | D:9      | Killed Maurice
 12908 | D:9      | Found a staircase to the Lair.
 13351 | D:9      | Reached skill level 5 in Evocations
 13601 | D:9      | Found an iron altar of Okawaru.
 13700 | D:10     | Entered Level 10 of the Dungeon
 13714 | D:10     | Noticed a deep elf mage
 13743 | Lair:1   | Entered Level 1 of the Lair of Beasts
 14061 | Lair:1   | Reached XP level 11. HP: 52/52 MP: 12/27
 14429 | Lair:1   | Reached ** piety under Ashenzari
 15249 | Lair:2   | Noticed a five-headed hydra
 16068 | Lair:2   | Found a staircase to the Shoals.
 16684 | Lair:2   | Reached skill level 5 in Fighting
 17480 | Lair:2   | Killed a five-headed hydra
 17584 | Lair:2   | Found a staircase to the Snake Pit.
 17684 | Lair:3   | Noticed a seven-headed hydra
 17808 | Lair:3   | Noticed a catoblepas
 17813 | Lair:3   | Noticed a four-headed hydra
 17978 | Lair:3   | Reached XP level 12. HP: 52/61 MP: 21/30
 17985 | Lair:3   | Noticed a four-headed hydra
 18202 | Lair:3   | Reached skill level 1 in Short Blades
 18374 | Lair:3   | Noticed a seven-headed hydra
 18438 | Lair:3   | Noticed a seven-headed hydra
 18502 | Lair:3   | Killed a four-headed hydra
 18524 | Lair:3   | Killed a seven-headed hydra
 18533 | Lair:3   | Killed a four-headed hydra
 18533 | Lair:3   | Reached skill level 10 in Dodging
 18713 | D:8      | Bought a book of the Sky for 910 gold pieces
 18718 | D:8      | Learned a level 4 spell: Summon Lightning Spire
 19320 | Lair:3   | Killed a seven-headed hydra
 19478 | Lair:4   | Found a runed translucent gate.
 19479 | Lair:4   | Found a runed translucent gate.
 19479 | Lair:4   | Found a runed translucent gate.
 19496 | Lair:4   | Noticed a six-headed hydra
 19500 | Lair:4   | Reached *** piety under Ashenzari
 19500 | Lair:4   | Noticed Bemoimo's ghost (journeyman DDEE)
 19516 | Lair:4   | Noticed Josephine
 19775 | Lair:4   | Killed Josephine
 21206 | Lair:5   | fug
 21209 | Lair:5   | Noticed a six-headed hydra
 21245 | Lair:5   | Killed a six-headed hydra
 21397 | Lair:5   | Noticed a death yak
 21397 | Lair:5   | Noticed a death yak
 21413 | Lair:5   | Killed a death yak
 21466 | Lair:5   | Noticed a death yak
 21483 | Lair:5   | Noticed a death yak
 21487 | Lair:5   | Killed a death yak
 21487 | Lair:5   | Reached skill level 5 in Conjurations
 21488 | Lair:5   | Noticed a death yak
 21513 | Lair:5   | Noticed a death yak
 21581 | Lair:5   | Killed a death yak
 21828 | Lair:5   | Killed a death yak
 21831 | Lair:5   | Killed a death yak
 21831 | Lair:5   | Reached XP level 13. HP: 65/65 MP: 1/32
 21850 | Lair:4   | Learned a level 4 spell: Animate Dead
 22164 | Lair:5   | Found a viscous altar of Jiyva.
 22164 | Lair:5   | Found a staircase to the Slime Pits.
 22300 | Lair:6   | Entered Level 6 of the Lair of Beasts
 22304 | Lair:6   | Reached skill level 1 in Necromancy
 23195 | Lair:6   | spit acid is range 7, what the fuck
 24199 | Lair:6   | Noticed a fire dragon
 24211 | Lair:6   | Killed a fire dragon
 24237 | Lair:6   | yes, I know I could have gotten fds if I lured it out to
                  | shallow water or whatever
 24237 | Lair:6   | I just didn't wanna risk it
 24486 | Lair:6   | Found a runed translucent door.
 26211 | D:10     | Reached **** piety under Ashenzari
 27898 | D:12     | Reached skill level 15 in Spellcasting
 27924 | D:12     | Noticed Psyche
 27932 | D:12     | Killed Psyche
 28413 | D:12     | Found a glowing golden altar of the Shining One.
 28534 | D:13     | Noticed Mirut's ghost (journeyman HOBe)
 28538 | D:13     | Found a runed translucent gate.
 28538 | D:13     | Found a runed translucent gate.
 28538 | D:13     | Found a runed translucent gate.
 28538 | D:13     | Noticed a tengu reaver
 28538 | D:13     | Noticed a frost giant
 28743 | D:13     | Reached ***** piety under Ashenzari
 28801 | D:13     | Reached XP level 14. HP: 65/69 MP: 2/34
 29880 | D:13     | Noticed Kirke
 29893 | D:13     | Killed Kirke
 30254 | D:13     | Noticed Azrael
 30784 | D:13     | Killed Azrael
 31329 | D:14     | Noticed Rupert
 31329 | D:14     | Noticed Urug
 31394 | D:14     | Found a gate to the Vaults.
 31399 | D:14     | Noticed Nessos
 31433 | D:14     | Killed Rupert
 31439 | D:14     | Killed Urug
 31483 | D:14     | Noticed Nessos
 31483 | D:14     | Nessos changed into Nessos the deep troll
 31662 | D:14     | Killed Nessos the deep troll
 32411 | D:14     | Reached skill level 15 in Air Magic
 33497 | D:15     | Entered Level 15 of the Dungeon
 34311 | D:15     | Identified Quckich's Grimoire of Virous Transformation
 34712 | D:15     | Reached XP level 15. HP: 57/72 MP: 14/35
 35850 | D:15     | Found a staircase to the Depths.
 36166 | Orc:1    | Entered Level 1 of the Orcish Mines
 36176 | Orc:1    | Found a roughly hewn altar of Beogh.
 36223 | Orc:1    | Noticed Sonja
 36240 | Orc:1    | Noticed Sonja
 36240 | Orc:1    | Sonja changed into Sonja the warg
 36241 | Orc:1    | Killed Sonja the warg
 36386 | Orc:1    | Noticed Snorg
 36401 | Orc:1    | Killed Snorg
 36530 | Orc:1    | Found Axziug's Food Emporium.
 36956 | Orc:2    | Entered Level 2 of the Orcish Mines
 37155 | Orc:2    | Found Jalaread's Antique Weapon Emporium.
 37316 | Orc:2    | Found Xock's Antique Weapon Emporium.
 37363 | Orc:2    | Found a staircase to the Elven Halls.
 37673 | Orc:2    | Found Mock's Assorted Antiques.
 39228 | Orc:2    | Found Ucausuad's Antique Weapon Shop.
 39233 | Orc:2    | Found Guosch's Distillery.
 39235 | Orc:2    | Bought a wand of paralysis (10) for 50 gold pieces
 39242 | Orc:2    | Found Lerricw's Antique Armour Boutique.
 39251 | Orc:2    | Bought a runed scarf for 224 gold pieces
 39272 | Orc:2    | Bought a potion of mutation for 136 gold pieces
 39272 | Orc:2    | Bought a potion of mutation for 136 gold pieces
 39272 | Orc:2    | Gained mutation: You have a beak for a mouth. [potion of
                  | mutation]
 39272 | Orc:2    | Gained mutation: You are resistant to electric shocks.
                  | (rElec) [potion of mutation]
 39272 | Orc:2    | Gained mutation: You possess an exceptional clarity of
                  | mind. [potion of mutation]
 39273 | Orc:2    | Bought a potion of cancellation for 136 gold pieces
 39273 | Orc:2    | Bought a potion of brilliance for 68 gold pieces
 39273 | Orc:2    | Bought a potion of heal wounds for 85 gold pieces
 39301 | Orc:2    | Bought a buckler for 112 gold pieces
 39468 | Orc:2    | Learned a level 6 spell: Deflect Missiles
 39982 | Snake:1  | Entered Level 1 of the Snake Pit
 40020 | Snake:1  | Reached skill level 1 in Charms
 40203 | Snake:1  | Reached skill level 1 in Shields
 40412 | Snake:1  | Identified the +1 robe "Ipom" {+Fly rCorr}
 40413 | Snake:1  | Identified the cursed +1 robe of Zurroipt {rElec}
 41002 | Snake:2  | Noticed Aizul
 41965 | Snake:2  | Found an ancient bone altar of Kikubaaqudgha.
 42167 | Snake:2  | Killed Aizul
 42167 | Snake:2  | Reached XP level 16. HP: 76/81 MP: 3/37
 42354 | Snake:2  | Learned a level 5 spell: Irradiate
 42622 | Snake:2  | Reached skill level 1 in Transmutations
 44200 | Snake:3  | Reached skill level 5 in Transmutations
 44423 | Orc:2    | Bought a dented amethyst amulet for 125 gold pieces
 45723 | Snake:3  | Learned a level 6 spell: Freezing Cloud
 45739 | Snake:4  | Entered Level 4 of the Snake Pit
 45739 | Snake:4  | Identified the cursed +1 shortbow of Tortfeasance {venom,
                  | Str+6}
 46001 | Snake:4  | Reached ****** piety under Ashenzari
 46033 | Snake:4  | Reached skill level 1 in Ice Magic
 49939 | Snake:4  | fucking hell I'm not doing this well
 49949 | Snake:4  | Reached XP level 17. HP: 59/85 MP: 11/38
 50501 | Snake:4  | Learned a level 6 spell: Conjure Ball Lightning
 50785 | Snake:4  | Got a serpentine rune of Zot
 50975 | Shoals:1 | Entered Level 1 of the Shoals
 51470 | Shoals:1 | Identified the ring "Niuxaokk" {+Fly Str+2 Dex+4}
 51844 | Shoals:1 | Found Zanomm's Antique Weapon Boutique.
 51909 | Shoals:1 | Reached skill level 15 in Dodging
 54081 | Shoals:2 | Noticed a titan
 54342 | Shoals:3 | Noticed Ilsuiw
 54379 | Shoals:3 | Killed Ilsuiw
 55191 | Shoals:3 | Reached skill level 10 in Conjurations
 55618 | Shoals:4 | Entered Level 4 of the Shoals
 55631 | Shoals:4 | Identified the amulet of Kitoleat {Faith +Inv rPois rC-
                  | Stlth-}
 57936 | Shoals:4 | Reached XP level 18. HP: 90/90 MP: 1/42
 58090 | Shoals:4 | Learned a level 6 spell: Statue Form
 58210 | Shoals:4 | wow, very nice
 58274 | Shoals:4 | Reached skill level 1 in Earth Magic
 59042 | Shoals:4 | Identified the +3 rapier "Noedits" {flame, *Contam rPois
                  | rN+ MR++}
 59308 | Shoals:4 | Got a barnacled rune of Zot
 59855 | Elf:1    | Entered Level 1 of the Elven Halls
 59912 | Elf:1    | Found a ruined gateway.
 59979 | Desolati | Entered the Desolation of Salt
 60781 | Desolati | Identified the ring "Suaso" {MR+ Str+4}
 60781 | Desolati | Identified the amulet of Idealism {MR+ Regen+}
 60785 | Desolati | Identified the Papyrus of Dusty Ice
 60801 | Desolati | Finally, an amulet that's actually useable!
 62751 | Desolati | Identified the +8 falchion "Afimer" {holy, rN+ Dex+2}
 62762 | Desolati | Identified the +11 glaive of Usasch {holy, Str+3}
 62762 | Desolati | Identified the amulet "Niduatofi" {+Rage Dex+4}
 62797 | Desolati | Reached skill level 5 in Earth Magic
 63004 | Desolati | Identified the ring "Rapsul" {rF++ rC+ MR+ Int-2 SInv}
 63031 | Desolati | woah
 63160 | Desolati | Reached skill level 10 in Transmutations
 63326 | Desolati | Identified the Handbook of Scorching Self-Improvement
 64322 | Elf:1    | Noticed Agnes
 64330 | Elf:1    | Killed Agnes
 64521 | Elf:1    | Identified Vehumet's Compendium of Attacks
 64982 | Elf:1    | Noticed an Ice Fiend
 65254 | Elf:2    | Reached XP level 19. HP: 93/93 MP: 33/44
 65492 | Elf:2    | Identified Roxanne's Guide on Clay
 65492 | Elf:2    | Noticed Roxanne
 65812 | Elf:2    | Found a large runed translucent door.
 65812 | Elf:2    | Found a large runed translucent door.
 65838 | Elf:2    | Found a large runed translucent door.
 65838 | Elf:2    | Found a large runed translucent door.
 65931 | Elf:2    | Found Pecs's Magic Scroll Shop.
 65934 | Elf:2    | Bought a scroll of blinking for 105 gold pieces
 65934 | Elf:2    | Bought a scroll of fog for 28 gold pieces
 65934 | Elf:2    | Bought a scroll of fear for 49 gold pieces
 66103 | Elf:2    | Reached skill level 10 in Earth Magic
 66342 | Elf:3    | Entered Level 3 of the Elven Halls
 66392 | Elf:3    | Found a frozen archway.
 66421 | IceCv    | Entered an ice cave
 67012 | IceCv    | wow really
 67532 | Elf:3    | Noticed Nikola
 67556 | Elf:3    | Killed Nikola
 67691 | Elf:3    | Found Kabil's Armour Shoppe.
 68236 | Elf:3    | Noticed Asterion
 68243 | Elf:3    | Killed Asterion
 70072 | Elf:3    | Reached XP level 20. HP: 98/98 MP: 12/45
 70595 | Elf:3    | Identified the cursed +0 robe of Evolution {+Blink rN++}
 70944 | Elf:3    | Found the +8 longbow "Zephyr" {speed, Dex+3 SInv}
 70950 | Elf:3    | Identified the +7 shortbow "Geddirug" {flame, rF++ MR+}
 70952 | Elf:3    | ouch
 70952 | Elf:3    | hurts to see zephyr when you cant use it
 70955 | Elf:3    | Identified Ywotitte's Collected Works on Dusty Evil
 70972 | Elf:3    | Identified Gayfoent's Grimoire of Supportive Hexes
 71011 | Elf:3    | Identified the Almanac of Scorching Execration
 71266 | D:8      | Bought a book of Power for 630 gold pieces
 71273 | D:8      | Learned a level 6 spell: Iron Shot
 71371 | Vaults:1 | Entered Level 1 of the Vaults
 71759 | Vaults:1 | Identified the +7 arbalest of Dishonour {penet, +Inv}
 73678 | Vaults:2 | Reached skill level 5 in Short Blades
 74765 | Vaults:2 | Reached XP level 21. HP: 85/102 MP: 28/48
 75690 | Vaults:3 | Found Deunk's Gadget Shoppe.
 75690 | Vaults:3 | Noticed Donald
 75719 | Vaults:3 | Killed Donald
 75771 | Vaults:3 | Found a flickering gateway to a bazaar.
 75793 | Bazaar   | Entered a bazaar
 75793 | Bazaar   | Found Toc Vas's General Store.
 75793 | Bazaar   | Found Qaptus's Jewellery Shop.
 75793 | Bazaar   | Found Roanau's Distillery.
 75793 | Bazaar   | Found Rezuleaw's Magic Scroll Shop.
 75795 | Bazaar   | Found Fel Saa's Antique Armour Boutique.
 75795 | Bazaar   | Found Maitol's Food Shoppe.
 75822 | Bazaar   | Bought a scroll of acquirement for 468 gold pieces
 75822 | Bazaar   | Bought a scroll of fear for 31 gold pieces
 75833 | Bazaar   | Bought a potion of heal wounds for 60 gold pieces
 75833 | Bazaar   | Bought a potion of resistance for 120 gold pieces
 75833 | Bazaar   | Bought a potion of mutation for 96 gold pieces
 75836 | Bazaar   | Bought a potion of heal wounds for 50 gold pieces
 75847 | Bazaar   | Bought a ration for 45 gold pieces
 75847 | Bazaar   | Bought a ration for 45 gold pieces
 75847 | Bazaar   | Bought a ration for 45 gold pieces
 75847 | Bazaar   | Bought a ration for 45 gold pieces
 75847 | Bazaar   | Bought a ration for 45 gold pieces
 75847 | Bazaar   | Bought a ration for 45 gold pieces
 75847 | Bazaar   | Bought a ration for 45 gold pieces
 75847 | Bazaar   | Bought a ration for 45 gold pieces
 75847 | Bazaar   | Bought a ration for 45 gold pieces
 75847 | Bazaar   | Bought a ration for 45 gold pieces
 75847 | Bazaar   | Bought a ration for 45 gold pieces
 75847 | Bazaar   | Bought a ration for 45 gold pieces
 75855 | Bazaar   | Identified the cursed +2 cloak "Woadgh" {*Contam +Fly MR+++
                  | MP+9} (You acquired it in a bazaar)
 75857 | Bazaar   | damn
 75960 | Vaults:3 | Learned a level 9 spell: Tornado
 77758 | Vaults:3 | Found a staircase to the Crypt.
 77991 | Vaults:4 | Found Visakeklo's Magic Scroll Emporium.
 78248 | Vaults:4 | Found Ejel's Assorted Antiques.
 78954 | Vaults:4 | Reached XP level 22. HP: 107/107 MP: 50/50
 79162 | Vaults:4 | Found Jiogunidu's Food Shoppe.
 79178 | Vaults:4 | Found Viprad's Assorted Antiques.
 80549 | Slime:1  | Entered Level 1 of the Pits of Slime
 82049 | Slime:5  | Entered Level 5 of the Pits of Slime
 82073 | Slime:5  | Noticed the Royal Jelly
 82154 | Slime:5  | Killed the Royal Jelly
 83065 | Slime:5  | Identified the cursed +2 dire flail of the Trees {flame,
                  | +Blink}
 83069 | Slime:5  | Identified the ring of Coebaufo {*Contam rElec rCorr Str+3}
 83069 | Slime:5  | Identified the +1 ring mail of Bad Feelings {Int+4}
 83070 | Slime:5  | Identified the +7 plate armour "Veklieq" {rC+ Int+4}
 83070 | Slime:5  | Identified the +6 lajatang of Cotsav {drain, +Rage rF+ MR+}
 83073 | Slime:5  | Identified the +8 war axe of Diuqaula {flame, rElec rC+
                  | SInv}
 83082 | Slime:5  | Got a slimy rune of Zot
 83120 | Slime:5  | Identified the +8 trident of Profit {pain, rElec Str+2
                  | Int-2}
 83498 | Depths:1 | Entered Level 1 of the Depths
 84375 | Depths:1 | Found a gateway to Hell.
 84623 | Depths:1 | Found a glowing golden altar of the Shining One.
 84761 | Depths:3 | Reached XP level 23. HP: 111/111 MP: 42/51
 84841 | Depths:2 | Found a burning altar of Makhleb.
 84893 | Depths:3 | Noticed Sojobo
 84904 | Depths:3 | Killed Sojobo
 86603 | Depths:3 | Paralysed by a floating eye for 2 turns
 87315 | Depths:3 | Found a one-way gate leading to the halls of Pandemonium.
 88796 | Depths:4 | Found a runed translucent door.
 89078 | Depths:4 | Learned a level 7 spell: Orb of Destruction
 89775 | Depths:4 | Noticed a caustic shrike
 90194 | Depths:4 | Killed a caustic shrike
 90599 | Depths:4 | Reached XP level 24. HP: 118/118 MP: 16/51
 91109 | Depths:4 | Identified the +4 gold dragon scales of Mafferez {rPois rF+
                  | rC+ rN+ MP-9 Int+4 Stlth+}
 91109 | Depths:4 | Found a one-way gate to the infinite horrors of the Abyss.
 91112 | Depths:4 | Identified the +4 rapier "Heecat" {pierce, rElec rPois}
 91148 | Depths:4 | Identified the Reference Book on Captivating Cold
 91533 | Depths:5 | Entered Level 5 of the Depths
 91548 | Depths:5 | Reached skill level 10 in Fighting
 91992 | Depths:5 | Found a gate to the Realm of Zot.
 92081 | Depths:5 | Found a gateway to a ziggurat.
 92427 | Zot:1    | Entered Level 1 of the Realm of Zot
 93200 | Zot:5    | Entered Level 5 of the Realm of Zot
 93522 | Zot:5    | Found a runed translucent gate.
 93527 | Zot:5    | Found a runed translucent gate.
 93527 | Zot:5    | Found a runed translucent gate.
 93527 | Zot:5    | Noticed SockSock's ghost (legendary VSBe)
 93527 | Zot:5    | Noticed Stiffzip's ghost (legendary DDBe)
 93527 | Zot:5    | Noticed EnegeticOcto's ghost (veteran DDFi)
 93527 | Zot:5    | Noticed Yolobob's ghost (legendary TrCK)
 93527 | Zot:5    | Noticed Lanoc's ghost (legendary NaBe)
 94510 | Zot:5    | Learned a level 1 spell: Apportation
 94527 | Zot:5    | Noticed an ancient lich
 94528 | Zot:5    | Noticed an orb of fire
 94562 | Zot:5    | Gained mutation: You are clumsy. (Dex -2) [an orb of fire]
 94566 | Zot:5    | Killed an orb of fire
 94576 | Zot:5    | Noticed an orb of fire
 94588 | Zot:5    | Noticed an orb of fire
 94589 | Zot:5    | Killed an ancient lich
 94589 | Zot:5    | Reached XP level 25. HP: 85/128 MP: 13/51
 94600 | Zot:5    | Noticed a Killer Klown
 94600 | Zot:5    | Gained mutation: You occasionally shout uncontrollably at
                  | your foes. [an orb of fire]
 94602 | Zot:5    | Killed an orb of fire
 95215 | Zot:5    | Gained mutation: Armour fits poorly on your strangely
                  | shaped body. [an orb of fire]
 95222 | Zot:5    | Killed an orb of fire
 95762 | Zot:5    | Killed a Killer Klown
 96139 | Zot:5    | Noticed a Killer Klown
 96140 | Zot:5    | Noticed an orb of fire
 96149 | Zot:5    | Noticed an orb of fire
 96150 | Zot:5    | Killed an orb of fire
 96365 | Zot:5    | Gained mutation: You are very clumsy. (Dex -4) [an orb of
                  | fire]
 96377 | Zot:5    | Gained mutation: Your magical capacity is low. (-10% MP)
                  | [an orb of fire]
 96382 | Zot:5    | Noticed an orb of fire
 96383 | Zot:5    | Killed an orb of fire
 96577 | Zot:5    | Killed an orb of fire
 96712 | Zot:5    | Noticed an ancient lich
 96724 | Zot:5    | Killed an ancient lich
 96897 | Zot:5    | Noticed an ancient lich
 96907 | Zot:5    | Killed an ancient lich
 96912 | Zot:5    | Noticed an ancient lich
 96917 | Zot:5    | Killed an ancient lich
 97113 | Zot:5    | Killed a Killer Klown
 97637 | Zot:5    | Got the Orb of Zot
 98110 | D:1      | gg
 98111 | D:$      | Escaped with the Orb!

Levels and vault maps discovered:
D:1:      minmay_arrival_open_corners, layout_basic
D:2:      minmay_general_purpose_star, layout_rooms, uniq_natasha
D:3:      layout_rooms
D:4:      layout_cave_pools, led_sif_book, minmay_temple_entry_grid
D:5:      layout_rooms, first_ration, ebering_ghost_reflecting_pool,
          nicolae_ossuary_entry_monument, uniq_grinder
D:6:      layout_loops_corners, serial_shops, shop_fountains
D:7:      layout_basic
D:8:      layout_basic, kiku_gazebo_garden_becter, kennysheep_mini,
          serial_shops, shop, uniq_grum
D:9:      layout_basic, kennysheep_mini_moat, erik_lair_orcish_takeover,
          david_orc_3, uniq_maurice
D:10:     layout_basic
D:11:     layout_gridville
D:12:     layout_rooms, basic_altar, blue_anna_alchemist
          [blue_anna_fruit_fields, blue_anna_fruit_fields], uniq_psyche
D:13:     layout_loops_cross, gammafunk_ghost_split, eino_tiny_chamber,
          uniq_kirke, uniq_azrael
D:14:     layout_basic, david_vaults_3, serial_park_square3
          [serial_park_minivault_5x5_2], elves_outpost_lemuel
D:15:     grunt_enter_depths_hoard, layout_rooms, serial_bayou_shore_b
Temple:   dpeg_five_rooms_temple
Lair:1:   layout_long_grid
Lair:2:   layout_roguey, minmay_shoals_entry_centaurs,
          minmay_snake_entry_guardpost_large
Lair:3:   layout_hall_layers, nicolae_quartered_pool_medium,
          lemuel_old_faithful, lemuel_fruit_fields, grunt_megastairs_5
Lair:4:   layout_roguey [special_room_bee], gammafunk_ghost_split,
          uniq_josephine
Lair:5:   layout_big_grid, dpeg_slime_entry_enclosed_altar
Lair:6:   guppyfry_lair_end_dragon, layout_long_grid, wormcave,
          serial_bayou_lake_a
Shoals:1: layout_shoals, serial_shops, nicolae_shop_competitors_out_of_business
Shoals:2: cheibrodos_shoals_gigantism, layout_shoals, nicolae_shoals_loop_pool
Shoals:3: layout_shoals, uniq_ilsuiw
Shoals:4: shoals_end_grunt_garden, layout_shoals
Snake:1:  layout_onion, serial_bayou_pond_a
Snake:2:  layout_rooms, basic_altar, serial_bayou_shore_a, uniq_aizul
Snake:3:  layout_layer_cave
Snake:4:  snake_hunt, layout_onion, drop_trap, grunt_ministairs_7
Slime:1:  layout_caves
Slime:2:  layout_caves
Slime:3:  layout_caves
Slime:4:  layout_caves
Slime:5
Orc:1:    layout_caves, serial_shops, nicolae_shop_waterfront, basic_altar,
          uniq_sonja, uniq_snorg
Orc:2:    st_orc_open, layout_caves, serial_shops,
          nicolae_shop_competitors_out_of_business, nicolae_shop_window_shopping
Elf:1:    layout_onion_city, portal_desolation_entry_salt,
          minmay_elf_annihilation, uniq_agnes
Elf:2:    layout_geoelf_octagon, serial_shops, nicolae_shop_behind_doors,
          uniq_roxanne
Elf:3:    elf_hall, layout_geoelf_castle, portal_ice_cave_entry_frozen_things,
          serial_shops, nicolae_shop_crystal, uniq_nikola, uniq_asterion
Vaults:1: v_misc_17, ontoclasm_vaults_gateway, vaults_room_glass_cross,
          v_rooms_1, grunt_vaults_trifunnel, v_misc_19,
          ontoclasm_vaults_claustrophobia, nicolae_vaults_rhombus_5,
          nicolae_vaults_yaktaur_gun_rack, vaults_room_grid,
          nicolae_vaults_specimen_jars, ontoclasm_vaults_ligature,
          grunt_vaults_funnel, v_misc_12, nicolae_vaults_mini_display_case,
          vaults_room_hallway, layout_vaults_omnibox
Vaults:2: hangedman_vaults_corner_blocks, hangedman_vaults_capsules,
          nicolae_vaults_quadrants, v_alt_pattern_6, v_misc_30,
          nicolae_vaults_gold_heap, nicolae_vaults_diagonal_hallway_9,
          v_pattern_1, v_misc_30, vaults_room_ringed_pool,
          nicolae_vaults_little_ls, ontoclasm_vaults_ring_square,
          ontoclasm_vaults_ring_small, layout_vaults_maze
Vaults:3: nicolae_vaults_angled_halls, vaults_standard_mumra_lines,
          hangedman_vaults_corner, v_misc_12, nicolae_vaults_big_ls,
          hangedman_vaults_stitches, nicolae_vaults_theta,
          hangedman_vaults_snaps, vaults_dpeg_diagonal,
          minmay_crypt_entry_simple_box, layout_vaults_chaotic_city,
          serial_shops, bzr_entry_gold, shop_coins, uniq_donald
Vaults:4: vaults_dpeg_ring, ontoclasm_vaults_tryst, v_misc_3,
          hangedman_vaults_stream, v_misc_30, nicolae_vaults_branching_niches,
          vaults_mumra_minichess, layout_vaults_omnigrid, serial_shops,
          nicolae_shop_trees, nicolae_shop_behind_doors, shop, shop_statue
Depths:1: layout_cave_pools, hellmouth_1, hangedman_abyss_or_decor_lesser_grid,
          tso_altar
Depths:2: minmay_the_grid_ultimate
          [minmay_the_grid_prize_four_corners_diamond_a,
          minmay_the_grid_prize_trominoes, minmay_the_grid_prize_big_room,
          minmay_the_grid_prize_diamond_cup, minmay_the_grid_square_5x5_n,
          minmay_the_grid_square_5x5_almost_minimal,
          minmay_the_grid_square_5x5_gyroscope,
          minmay_the_grid_square_5x5_fat_x, minmay_the_grid_square_5x5_c,
          minmay_the_grid_square_5x5_inset, minmay_the_grid_square_5x5_mess,
          minmay_the_grid_square_5x5_tri_point,
          minmay_the_grid_square_5x5_tetrominoes,
          minmay_the_grid_square_5x5_shuriken,
          minmay_the_grid_square_5x5_n_small,
          minmay_the_grid_square_5x5_shrine2,
          minmay_the_grid_square_5x5_one_wall,
          minmay_the_grid_square_5x5_inner_i,
          minmay_the_grid_square_5x5_inverted_slash,
          minmay_the_grid_triangle_9x9_tough_junction,
          minmay_the_grid_triangle_9x9_flanged_cone,
          minmay_the_grid_triangle_9x9_windchime,
          minmay_the_grid_triangle_9x9_zippers_horizontal,
          minmay_the_grid_triangle_9x9_intruding_spiral,
          minmay_the_grid_triangle_9x9_semitri,
          minmay_the_grid_triangle_9x9_sprig,
          minmay_the_grid_triangle_9x9_shrine,
          minmay_the_grid_triangle_9x9_odd_lines,
          minmay_the_grid_triangle_9x9_steps,
          minmay_the_grid_triangle_9x9_corrupted_corridor,
          minmay_the_grid_triangle_9x9_longest,
          minmay_the_grid_triangle_9x9_corruption,
          minmay_the_grid_triangle_9x9_from_above,
          minmay_the_grid_triangle_9x9_subtriangle,
          minmay_the_grid_triangle_9x9_negative_grid,
          minmay_the_grid_square_5x5_half_checkered,
          minmay_the_grid_octo_concentric, minmay_the_grid_octo_vomiting_pacman,
          minmay_the_grid_octo_chip, minmay_the_grid_octo_77,
          minmay_the_grid_octo_odd_swirl, minmay_the_grid_octo_teeth,
          minmay_the_grid_octo_horde, minmay_the_grid_octo_shrine,
          minmay_the_grid_minigrid_large, minmay_the_grid_minigrid_small,
          minmay_the_grid_dragon_a, minmay_the_grid_square_x], abyss_entry,
          hell_entry, uniq_enchantress
Depths:3: hangedman_elemental_death_ray, layout_gridville,
          rand_demon_pan_entry_9, chequers_big_river, hell_entry, uniq_sojobo
Depths:4: box_level_dp, hell_entry, abyss_entry
Depths:5: evilmike_zot_entry_basic, layout_cross, enter_ziggurat_e, pan_entry,
          serial_bayou_pond_e, pf_hell_entry_tar_river
Zot:1:    layout_onion_interference
Zot:2:    gammafunk_sealed_library, layout_concentric_octagons
Zot:3:    layout_concentric_octagons, gammafunk_ghost_grave
Zot:4:    layout_basic, skrybe_zot_glass_1
Zot:5:    layout_gridlike, gammafunk_ghost_cemetery

Skill      XL: |  1  2  3  4  5  6  7  8  9 10 11 12 13 14 15 16 17 18 19 20 21 22 23 24 25 |
---------------+----------------------------------------------------------------------------+-----
Spellcasting   | 3 4 5 8 10 11 13 14 15 16 19 20 22 23 | 23.2
Air Magic      | 3 4 5 6 8 10 12 15 16 17 19 20 22 23 | 23.9
Fighting       | 1 2 3 6 8 9 12 14 | 14.1
Stealth        | 4 5 |  5.1
Dodging        | 4 5 7 10 11 12 14 15 17 19 | 19.7
Conjurations   | 3 5 6 7 8 10 11 14 | 14.5
Evocations     | 5 7 |  7.0
Short Blades   | 3 5 8 9 |  9.7
Necromancy     | 2 |  2.8
Charms         | 4 |  4.0
Shields        | 4 |  4.6
Transmutations | 6 10 | 10.0
Ice Magic      | 3 4 |  4.0
Earth Magic    | 8 10 | 10.0

Action                   |  1- 3 |  4- 6 |  7- 9 | 10-12 | 13-15 | 16-18 | 19-21 | 22-24 | 25-27 || total
-------------------------+-------+-------+-------+-------+-------+-------+-------+-------+-------++-------
Melee: Dagger            |    18 |    10 |   107 |   147 |   548 |   575 |  1781 |   625 |       ||  3811
       Peck              |       |       |       |       |     8 |   121 |   299 |   294 |     2 ||   724
       Rapier            |       |       |       |       |       |       |       |   937 |    12 ||   949
 Cast: Shock             |   102 |   147 |   361 |   432 |   283 |   160 |     7 |     5 |       ||  1497
       Airstrike         |       |     1 |    46 |   211 |   393 |   521 |   174 |   121 |     8 ||  1475
       Lightning Bolt    |       |       |       |    11 |   107 |    43 |    63 |       |       ||   224
       Summon Lightning  |       |       |       |    20 |    77 |   179 |    16 |    10 |       ||   302
       Animate Dead      |       |       |       |       |    32 |    17 |       |       |       ||    49
       Deflect Missiles  |       |       |       |       |     1 |     5 |     5 |     4 |       ||    15
       Freezing Cloud    |       |       |       |       |       |    50 |    26 |    14 |       ||    90
       Irradiate         |       |       |       |       |       |    39 |    70 |    79 |     8 ||   196
       Conjure Ball Ligh |       |       |       |       |       |    20 |    31 |    22 |       ||    73
       Statue Form       |       |       |       |       |       |     7 |    51 |    39 |     1 ||    98
       Iron Shot         |       |       |       |       |       |       |    25 |    49 |    32 ||   106
       Tornado           |       |       |       |       |       |       |     1 |    13 |     3 ||    17
       Orb of Destructio |       |       |       |       |       |       |       |    80 |    59 ||   139
Invok: Curse Item        |       |       |     1 |     1 |     1 |     1 |     3 |     3 |       ||    10
 Abil: Evoke Flight      |       |       |       |       |     1 |     3 |       |       |       ||     4
       Stop Flying       |       |       |       |       |       |     1 |       |       |       ||     1
       End Transformatio |       |       |       |       |       |       |     3 |     2 |       ||     5
Evoke: Wand              |       |       |       |     9 |    17 |    24 |     1 |     4 |       ||    55
       Lamp of fire      |       |       |       |       |     2 |     1 |     1 |       |       ||     4
  Use: Scroll            |       |     3 |     6 |    12 |     6 |    13 |     5 |     9 |       ||    54
       Potion            |       |       |       |     3 |     2 |     4 |     2 |     7 |     6 ||    24
 Stab: Sleeping          |     1 |       |     1 |     2 |    16 |     8 |     7 |    15 |       ||    50
       Paralysed         |       |       |       |     3 |     2 |     2 |       |       |       ||     7
       Distracted        |       |       |       |       |     8 |    12 |       |     5 |       ||    25
       Invisible         |       |       |       |       |       |     5 |       |       |       ||     5
  Eat: Ration            |       |       |     5 |     8 |    15 |    17 |    14 |    15 |     3 ||    77
Armor: Robe              |     2 |     1 |     6 |    16 |    16 |    14 |     5 |    12 |     2 ||    74
       Skin              |       |       |       |       |       |    34 |   189 |   228 |       ||   451
Dodge: Dodged            |    27 |    19 |   141 |   262 |   508 |   642 |  1947 |  1576 |    32 ||  5154
       Deflected         |       |       |       |       |     7 |    48 |    45 |    65 |       ||   165
Block: Buckler           |       |       |       |       |    22 |   229 |   742 |   637 |     7 ||  1637

Table legend:
 A = Non-vault XP
 B = Vault XP
 C = Vault XP percentage of total XP
 D = Non-vault monster count
 E = Vault monster count
 F = Vault count percentage of total count
                 A         B        C        D         E       F
            +---------+---------+-------+---------+---------+-------
      Total |  663477 |  623068 |  48.4 |    1481 |     730 |  33.0
            +---------+---------+-------+---------+---------+-------
        D:1 |      31 |       0 |   0.0 |      20 |       0 |   0.0
        D:2 |      26 |       5 |  16.1 |      15 |       3 |  16.7
        D:3 |     367 |       0 |   0.0 |      24 |       0 |   0.0
        D:4 |     477 |      82 |  14.7 |      23 |       2 |   8.0
        D:5 |     641 |     249 |  28.0 |      27 |       1 |   3.6
        D:6 |    1190 |       0 |   0.0 |      34 |       0 |   0.0
        D:7 |    1406 |       0 |   0.0 |      35 |       0 |   0.0
        D:8 |    2122 |     424 |  16.7 |      22 |       3 |  12.0
        D:9 |    1552 |    1465 |  48.6 |      13 |      18 |  58.1
       D:10 |    2483 |       0 |   0.0 |      22 |       0 |   0.0
       D:11 |    3984 |       0 |   0.0 |      22 |       0 |   0.0
       D:12 |    3077 |     827 |  21.2 |      30 |       4 |  11.8
       D:13 |    9435 |    4177 |  30.7 |      35 |       7 |  16.7
       D:14 |   10624 |   12760 |  54.6 |      28 |      32 |  53.3
       D:15 |   16987 |    1590 |   8.6 |      42 |       2 |   4.5
     Lair:1 |    2921 |       0 |   0.0 |      18 |       0 |   0.0
     Lair:2 |    6992 |    1141 |  14.0 |      30 |       8 |  21.1
     Lair:3 |    6661 |     246 |   3.6 |      21 |       2 |   8.7
     Lair:4 |    1174 |    4109 |  77.8 |      10 |      29 |  74.4
     Lair:5 |    6127 |       0 |   0.0 |      12 |       0 |   0.0
     Lair:6 |    4601 |    8478 |  64.8 |      26 |      28 |  51.9
   Shoals:1 |   16939 |       0 |   0.0 |      42 |       0 |   0.0
   Shoals:2 |    9162 |     886 |   8.8 |      21 |       2 |   8.7
   Shoals:3 |    9189 |    3748 |  29.0 |      23 |       4 |  14.8
   Shoals:4 |   21771 |   18352 |  45.7 |      47 |      31 |  39.7
    Snake:1 |   10376 |       0 |   0.0 |      35 |       0 |   0.0
    Snake:2 |   14526 |    1002 |   6.5 |      34 |       1 |   2.9
    Snake:3 |   15018 |    1917 |  11.3 |      29 |       1 |   3.3
    Snake:4 |    7282 |   40013 |  84.6 |      19 |      50 |  72.5
    Slime:1 |    2853 |       0 |   0.0 |       2 |       0 |   0.0
    Slime:2 |    2698 |       0 |   0.0 |       7 |       0 |   0.0
    Slime:3 |    2177 |       0 |   0.0 |       1 |       0 |   0.0
    Slime:4 |   17249 |       0 |   0.0 |      28 |       0 |   0.0
    Slime:5 |   22146 |   32847 |  59.7 |      44 |      13 |  22.8
      Orc:1 |    3412 |    1026 |  23.1 |      28 |       2 |   6.7
      Orc:2 |    1691 |   14961 |  89.8 |      14 |      37 |  72.5
      Elf:1 |   17731 |    7772 |  30.5 |      27 |      10 |  27.0
      Elf:2 |   21027 |    3598 |  14.6 |      31 |       4 |  11.4
      Elf:3 |   41593 |   44276 |  51.6 |      66 |      33 |  33.3
   Vaults:1 |   30747 |   20669 |  40.2 |      71 |      27 |  27.6
   Vaults:2 |   39739 |   12733 |  24.3 |      62 |      18 |  22.5
   Vaults:3 |   45217 |   19733 |  30.4 |      79 |      31 |  28.2
   Vaults:4 |   38720 |   26811 |  40.9 |      65 |      43 |  39.8
   Depths:1 |   24872 |    1153 |   4.4 |      39 |       4 |   9.3
   Depths:3 |   41512 |   18080 |  30.3 |      52 |      20 |  27.8
   Depths:4 |   35350 |   88079 |  71.4 |      46 |      71 |  60.7
   Depths:5 |   31294 |    9263 |  22.8 |      31 |       9 |  22.5
      Zot:1 |    5806 |       0 |   0.0 |       5 |       0 |   0.0
      Zot:2 |   15665 |       0 |   0.0 |       8 |       0 |   0.0
      Zot:3 |     490 |       0 |   0.0 |       1 |       0 |   0.0
      Zot:4 |    4177 |       0 |   0.0 |       2 |       0 |   0.0
      Zot:5 |   30170 |  165563 |  84.6 |      13 |      41 |  75.9
    Ossuary |       0 |     152 | 100.0 |       0 |      16 | 100.0
      IceCv |       0 |   11331 | 100.0 |       0 |      31 | 100.0
 Desolation |       0 |   43550 | 100.0 |       0 |      92 | 100.0
            +---------+---------+-------+---------+---------+-------
